 Dungeon Crawl Stone Soup version 0.31-a0-826-ga5cc291a1b (webtiles) character file.

Game seed: 6862281490694097265

46 qw the Shooter (level 3, 0/22 HPs)
             Began as a Gargoyle Hunter on Sept 23, 2023.
             Slain by a gnoll
             ... wielding a +0 club
              (3 damage)
             ... on level 2 of the Dungeon.
             The game lasted 00:00:21 (591 turns).

qw the Shooter (Gargoyle Hunter)                     Turns: 591, Time: 00:00:22

Health: 0/22       AC:  9    Str: 14    XL:     3   Next: 68%
Magic:  3/3        EV: 11    Int:  9    God:
Gold:   41         SH:  0    Dex: 15    Spells: 2/2 levels left

rFire   . . .        Y - +0 shortbow (drain)
rCold   . . .        (shield currently unavailable)
rNeg    + . .        c - +0 leather armour
rPois   inf          k - +2 helmet {SInv}
rElec   +            (no cloak)
rCorr   +            (no gloves)
SInv    +            (no boots)
Will    .....        (no amulet)
Stlth   ++           j - ring of resist corrosion
HPRegen 0.23/turn    (no ring)
MPRegen 0.08/turn

%: no passive effects
@: no status effects
A: sickness immunity, AC +3, negative energy resistance 1, electricity
resistance, torment resistance 1, petrification resistance
a: no special abilities


You were on level 2 of the Dungeon.
You visited 1 branch of the dungeon, and saw 2 of its levels.

You collected 41 gold pieces.


Innate Abilities, Weirdness & Mutations

You are immune to sickness and miasma.
Your stone body is resilient. (AC +3)
You are immune to poison.
You resist negative energy. (rN+)
You are resistant to electric shocks. (rElec)
You are resistant to unholy torment.
You are immune to petrification.


   Skills:
 + Level 2.9 Fighting
 - Level 5.0 Ranged Weapons
 - Level 1.5 Dodging
 - Level 1.1 Stealth


You had 2 spell levels left.
You didn't know any spells.
Your spell library was empty.

Inventory:

Hand Weapons
 Y - a +0 shortbow of draining (weapon)
Armour
 c - a +0 leather armour (worn)
 k - a +2 helmet of see invisible (worn)
Jewellery
 j - a ring of resist corrosion (left hand)
Potions
 d - a potion of attraction {unknown}
 f - a potion of magic {unknown}
 g - a potion of brilliance {unknown}

Dungeon Overview and Level Annotations

Branches:
Dungeon (2/15)

Altars:


Message History

You shoot an arrow.
The arrow hits the gnoll but does no damage.
The ball python bites you but does no damage.
The ball python misses you. The gnoll hits you with a +0 club.
The hobgoblin misses you. The gnoll barely misses you.
The ball python bites you but does no damage.
The ball python closely misses you.
You shoot an arrow. The arrow hits the gnoll.
The gnoll is lightly wounded.
The gnoll hits you with a +0 club. The hobgoblin misses you.
The gnoll barely misses you.
The ball python bites you but does no damage.
The ball python grabs you. The ball python constricts you.
You shoot an arrow. The arrow hits the ball python.
The ball python is heavily wounded.
The ball python bites you but does no damage.
The ball python constricts you. The gnoll hits you but does no damage.
The hobgoblin hits you but does no damage.
The gnoll barely misses you. The ball python bites you.
The ball python constricts you.
You shoot an arrow. The arrow hits the ball python.
You drain the ball python.
You kill the ball python!
The gnoll hits you but does no damage. The hobgoblin barely misses you.
The gnoll hits you with a +0 club. x2
You shoot an arrow.
The arrow hits the gnoll but does no damage.
The gnoll is lightly wounded.
The hobgoblin closely misses you. The gnoll hits you but does no damage.
The gnoll misses you. The hobgoblin misses you.
The gnoll hits you with a +0 club!
You shoot an arrow. The arrow hits the gnoll.
You drain the gnoll.
The gnoll is moderately wounded.
The gnoll barely misses you. The hobgoblin closely misses you.
The gnoll closely misses you.
You shoot an arrow. The arrow hits the gnoll.
You drain the gnoll.
The gnoll is severely wounded.
The gnoll barely misses you.
The hobgoblin hits you but does no damage.
The gnoll hits you with a +0 club.
You die...

#### ...##
##...##
##@g...##
#g.g....#
#..........
#%...$..###
........##
........##
#..#.##.##
....#. .#
... .. ..


You could see 2 gnolls and a hobgoblin.

Vanquished Creatures
  A gnoll (D:1)
  2 dart slugs (D:1)
  A bat (D:1)
  3 endoplasms (D:1)
  3 giant cockroaches (D:1)
  4 hobgoblins (D:1)
  3 jackals (D:1)
  2 quokkas (D:1)
  3 ball pythons
  A kobold (D:1)
  6 rats
29 creatures vanquished.

Notes
Turn   | Place    | Note
-------+----------+-------------------------------------------
     0 | D:1      | qw the Gargoyle Hunter began the quest for the Orb.
     0 | D:1      | Reached XP level 1. HP: 12/12 MP: 1/1
     0 | D:1      | 0 ||| qw: Version: 0.3-a-83-gcd0e7d8
     0 | D:1      | 0 ||| qw: Game counter: 1831
     0 | D:1      | 0 ||| qw: Melee chars always use a shield: true
     0 | D:1      | 0 ||| qw: God list: Okawaru
     0 | D:1      | 0 ||| qw: Allow faded altars: false
     0 | D:1      | 0 ||| qw: Do Orc after clearing Dungeon:15 true
     0 | D:1      | 0 ||| qw: Do second Lair branch before Depths: true
     0 | D:1      | 0 ||| qw: Lair rune preference: random
     0 | D:1      | 0 ||| qw: Goals: Normal
     0 | D:1      | 0 ||| PLANNING D:1-11
   158 | D:1      | Reached XP level 2. HP: 8/17 MP: 2/2
   366 | D:1      | Reached XP level 3. HP: 21/21 MP: 3/3
   378 | D:1      | Reached skill level 5 in Ranged Weapons
   507 | D:1      | 507 ||| UPGRADING to +2 helmet of see invisible.
   512 | D:1      | 512 ||| UPGRADING to ring of resist corrosion.
   513 | D:1      | 513 ||| READING scroll labelled HOANKEE TAOF.
   518 | D:1      | 518 ||| READING scroll labelled DILUINLEBUF.
   519 | D:1      | 519 ||| READING scroll labelled LYLY ESASU.
   520 | D:1      | 520 ||| DROPPING scroll of butterflies.
   549 | D:2      | 549 ||| Stepping ~*~*~tactically~*~*~ (retreating).
   550 | D:2      | 550 ||| STAIRDANCE
   589 | D:2      | HP: 2/22 [gnoll/+0 club (7)]
   591 | D:2      | Slain by a gnoll

Levels and vault maps discovered:
D:1:      amcnicky_arrival_gap_in_the_tavern_cellar, layout_rooms
D:2:      layout_loops_cross

Skill      XL: |  1  2  3 |
---------------+----------+-----
Ranged Weapons | 5 |  5.0
Fighting       | |  2.9
Dodging        | |  1.5
Stealth        | |  1.1

Action                     || total
---------------------------++-------
   Fire: Shortbow          ||    93
    Use: Scroll            ||     3
 Armour: Leather armour    ||    38
  Dodge: Dodged            ||    53

Table legend:
 A = Non-vault XP
 B = Vault XP
 C = Vault XP percentage of total XP
 D = Non-vault monster count
 E = Vault monster count
 F = Vault count percentage of total count
                 A         B        C        D         E       F
            +---------+---------+-------+---------+---------+-------
      Total |      67 |       0 |   0.0 |      29 |       0 |   0.0
            +---------+---------+-------+---------+---------+-------
        D:1 |      63 |       0 |   0.0 |      26 |       0 |   0.0
        D:2 |       4 |       0 |   0.0 |       3 |       0 |   0.0
            +---------+---------+-------+---------+---------+-------
